 Dungeon Crawl Stone Soup version 0.16.0-17-g811c1d7 (webtiles) character file.

345 ventricule the Ducker (level 6, 0/51 HPs)
             Began as a Minotaur Fire Elementalist on Mar 21, 2015.
             Slain by Fluffy's ghost (11 damage)
             ... on level 4 of the Dungeon.
             The game lasted 00:16:48 (4526 turns).

ventricule the Ducker (Minotaur Fire Elementalist)  Turns: 4526, Time: 00:16:48

Health: 0/51       AC:  6    Str: 13    XL:     6   Next: 32%
Magic:  6/6        EV:  9    Int: 13    God:
Gold:   212        SH:  3    Dex: 11    Spells: 2 memorised, 5 levels left

rFire  . . .     SeeInvis .     r - +1 whip (flame)
rCold  . . .     Clarity  .     x - +0 scale mail
rNeg   . . .     SustAb   .     f - +0 buckler
rPois  +         Gourm    .     (helmet unavailable)
rElec  .         Spirit   .     (no cloak)
rCorr  .         Warding  .     (no gloves)
rMut   .         Stasis   .     (no boots)
MR     .....                    (no amulet)
Stlth  ..........               (no ring)
                                p - ring of wizardry

@: not resistant to hostile enchantments, extremely unstealthy
A: retaliatory headbutt, hooves 1, horns 3, poison resistance, screaming 1, spit
poison 1
a: Spit Poison


You were on level 4 of the Dungeon.
You were very hungry.

You visited 1 branch of the dungeon, and saw 4 of its levels.

You collected 212 gold pieces.

Inventory:

Hand weapons
 r - a +1 whip of flaming (weapon)
Armour
 a - a +0 robe
 f - a +0 buckler (worn)
 x - a +0 scale mail (worn)
Magical staves
 u - an uncursed staff of conjuration {unknown}
Jewellery
 p - a ring of wizardry (left hand)
Scrolls
 d - a scroll of recharging
 e - 3 scrolls of identify
 i - a scroll of teleportation {unknown}
 j - a scroll of remove curse
 m - a scroll of magic mapping
 q - 2 scrolls of enchant armour {unknown}
 t - 2 scrolls of immolation {unknown}
 v - a scroll of amnesia {unknown}
Potions
 k - a potion of poison {unknown}
 l - a potion of might {unknown}
 n - a potion of heal wounds {unknown}
 s - 2 potions of resistance {unknown}
 w - a potion of restore abilities {unknown}
Books
 b - a book of Flames

   Spells                             Type                      Level
   a - Flame Tongue                   Conjuration/Fire             1
   b - Throw Flame                    Conjuration/Fire             2
   c - Conjure Flame                  Conjuration/Fire             3
   d - Inner Flame                    Hexes/Fire                   3
   e - Sticky Flame                   Conjuration/Fire             4
   f - Fireball                       Conjuration/Fire             5
Comestibles
 c - 2 bread rations
 h - 2 beef jerkies
 o - 3 meat rations


   Skills:
 + Level 3.1 Fighting
 + Level 0.8 Maces & Flails
 + Level 4.6 Dodging
 + Level 2.7 Stealth
 + Level 2.0 Unarmed Combat
 - Level 1.5 Spellcasting
 - Level 0.8 Conjurations
 - Level 2.7 Fire Magic


You had 5 spell levels left.
You knew the following spells:

 Your Spells              Type           Power        Failure   Level  Hunger
a - Flame Tongue          Conj/Fire      #....        63%         1    ##.....
b - Throw Flame           Conj/Fire      #.....       80%         2    ###....


Dungeon Overview and Level Annotations

Branches:
Dungeon (4/15)
 Temple: D:4-7

Altars:
Okawaru

Annotations:
D:2 1 exclusion
D:4 Fluffy's ghost, experienced DsGl


Innate Abilities, Weirdness & Mutations

You reflexively headbutt those who attack you in melee.
You have a pair of large horns on your head.
You have large cloven feet.
Your system is resistant to poisons.
You occasionally shout uncontrollably at your foes.
You can spit poison.


Message History

* * * LOW HITPOINT WARNING * * *
Drink which item? (? for menu, Esc to quit)
You feel better. Fluffy's ghost hits you!
* * * LOW HITPOINT WARNING * * *
Drink which item? (? for menu, Esc to quit)
You feel better. Fluffy's ghost hits you!
* * * LOW HITPOINT WARNING * * *
Drink which item? (? for menu, Esc to quit)
You feel better.
Fluffy's ghost hits you but does no damage.
You hit Fluffy's ghost but do no damage.
Your kick misses Fluffy's ghost.
Fluffy's ghost is almost destroyed.
Fluffy's ghost hits you.
* * * LOW HITPOINT WARNING * * *
You closely miss Fluffy's ghost.
You kick Fluffy's ghost, but do no damage.
Fluffy's ghost is almost destroyed.
Fluffy's ghost hits you!
You die...

#...# ... #...# ...# #...#
#.. #...# ... ##### #...#
#.# #...# ###.#### #.#
###.# #......########.#
#.# #.#.##.#........##
#.####@#.............).
#.....W..........#.(###
#.####.#.........#(.#
##.## #.#.##.#.####..#
##...###......#.......#
###.......##.####.......#
#..###.##.##.# ####.####
#...##.##.##.#######.#####
#.#.##.##......##...†....#


You could see Fluffy's ghost.

Vanquished Creatures
  2 orc priests (D:3)
  2 orc wizards (D:3)
  A worker ant (D:4)
  Ijyb (D:2)
  Robin (D:3)
  5 adders
  3 gnolls (D:2)
  6 worms
  A giant gecko (D:3)
  An ooze (D:1)
  An orc (D:3)
  7 giant cockroaches
  15 goblins
  11 hobgoblins
  2 quokkas
  2 ball pythons (D:2)
  10 bats
  4 giant newts
  A jackal skeleton (D:4)
  12 kobolds
  6 rats
94 creatures vanquished.

Notes
Turn   | Place    | Note
--------------------------------------------------------------
     0 | D:1      | ventricule, the Minotaur Fire Elementalist, began the quest for the Orb.
     0 | D:1      | Reached XP level 1. HP: 14/14 MP: 2/2
   128 | D:1      | Reached XP level 2. HP: 20/20 MP: 2/2
   132 | D:1      | Learned a level 2 spell: Throw Flame
  1554 | D:2      | Reached XP level 3. HP: 23/26 MP: 3/3
  1683 | D:2      | Noticed Ijyb
  1713 | D:2      | Killed Ijyb
  2029 | D:2      | Reached skill level 3 in Dodging
  2157 | D:2      | Reached skill level 1 in Fighting
  2157 | D:2      | Reached XP level 4. HP: 8/35 MP: 0/4
  2422 | D:2      | Noticed Robin
  2445 | D:3      | Gained mutation: Your system is resistant to poisons. [potion of mutation]
  2445 | D:3      | Gained mutation: You have a pair of large horns on your head. [potion of mutation]
  2445 | D:3      | Gained mutation: You occasionally shout uncontrollably at your foes. [potion of mutation]
  2896 | D:2      | Reached skill level 1 in Unarmed Combat
  3339 | D:3      | Killed Robin
  3339 | D:3      | Reached XP level 5. HP: 40/40 MP: 0/4
  3376 | D:3      | Reached skill level 4 in Dodging
  3529 | D:3      | Gained mutation: You have large cloven feet. [potion of mutation]
  3529 | D:3      | Gained mutation: You can spit poison. [potion of mutation]
  3630 | D:3      | Found an iron altar of Okawaru.
  4109 | D:3      | Reached XP level 6. HP: 50/50 MP: 6/6
  4442 | D:4      | Noticed Fluffy's ghost (experienced DsGl)
  4526 | D:4      | Slain by Fluffy's ghost

Action                   |  1- 3 |  4- 6 || total
-------------------------+-------+-------++-------
Melee: Unarmed           |   137 |    64 ||   201
       Whip              |       |    92 ||    92
 Cast: Flame Tongue      |     4 |       ||     4
       Throw Flame       |     2 |     5 ||     7
  Use: Scroll            |     3 |     3 ||     6
       Potion            |       |     7 ||     7
 Stab: Sleeping          |     3 |     1 ||     4
  Eat: Chunk             |     4 |     6 ||    10
       Pizza             |       |     1 ||     1
